 Dungeon Crawl Stone Soup version 0.30-a0-335-ge5acde7520 (webtiles) character file.

Game seed: 12499947414919262974

83 jlumianski the Trooper (level 4, -9/35 HPs)
             Began as a Demonspawn Fighter on Oct 30, 2022.
             Engulfed by a steam dragon's steam (11 damage)
             ... on level 3 of the Dungeon.
             The game lasted 00:07:28 (1340 turns).

jlumianski the Trooper (Demonspawn Fighter)         Turns: 1340, Time: 00:07:29

Health: -9/35      AC: 11    Str: 19      XL:     4   Next: 22%
Magic:  4/4        EV:  7    Int:  7 (9)  God:
Gold:   132        SH:  4    Dex: 12      Spells: 3/3 levels left

rFire   . . .      SeeInvis .    a - +0 war axe
rCold   . . .      Faith    .    c - +0 buckler
rNeg    . . .      Spirit   .    f - +0 chain mail
rPois   .          Reflect  .    (no helmet)
rElec   .          Harm     .    n - +1 cloak
rCorr   .          Rampage  .    (no gloves)
Will    .....                    (no boots)
Stlth   ..........               (no amulet)
HPRegen 0.25/turn                (no ring)
MPRegen 0.09/turn                (no ring)

@: no status effects
A: demonic guardian 1, demonic magic 2
a: no special abilities


You were on level 3 of the Dungeon.
You visited 1 branch of the dungeon, and saw 4 of its levels.

You collected 132 gold pieces.

Inventory:

Hand Weapons
 a - a +0 war axe (weapon)
 h - the +3 spear "Ydoxarif" {freeze, Fly Will+}
   (You found it on level 2 of the Dungeon)

   It freezes those it strikes, dealing additional cold damage.
   It can also slow down cold-blooded creatures.
   Fly:       It grants you flight.
   Will:      It increases your willpower.
 j - the +2 whip of Tamuh {venom, Will- Int+4 Stlth+}
   (You found it on level 3 of the Dungeon)

   It poisons the flesh of those it strikes.
   Int:       It affects your intelligence (+4).
   Will:      It decreases your willpower.
   Stlth:     It makes you more stealthy.
Missiles
 o - 3 boomerangs (quivered)
 p - 6 poisoned darts
Armour
 b - a +0 scale mail
 c - a +0 buckler (worn)
 f - a +0 chain mail (worn)
 n - a +1 cloak (worn)
Jewellery
 g - a ring of protection from fire
 k - a ring of wizardry
Scrolls
 m - a scroll of identify
Potions
 d - a potion of might
 e - a potion of degeneration
 i - 3 potions of heal wounds
 l - a potion of flight
 q - a potion of curing


   Skills:
 + Level 3.5 Fighting
 + Level 2.7 Axes
 + Level 3.2 Armour
 + Level 0.1 Dodging
 + Level 3.1 Shields


You had 3 spell levels left.
You didn't know any spells.
Your spell library contained the following spells:

 Spells                   Type           Power      Damage    Failure   Level
 Kiss of Death            Conj/Necr      0%         2d5       100%        1
 Confusing Touch          Hex            0%         N/A       100%        3
 Dispel Undead            Necr           0%         3d6       100%        4


Dungeon Overview and Level Annotations

Branches:
Dungeon (4/15)
 Temple: D:4-7

Altars:
Vehumet
Xom

Annotations:
D:4 Eustachio


Innate Abilities, Weirdness & Mutations

A weak demonic guardian rushes to your aid.
Spells you cast may paralyse nearby enemies.


Message History

You kill the quokka!
You see here a quokka corpse.
Found a ring mail.
You see here a +0 ring mail.
You now have 132 gold pieces (gained 15).
q - a green potion
As you read the scroll of identify, it crumbles to dust.
q - a potion of curing
Found a spear.
Found a stone staircase leading down.
There is a stone staircase leading down here.
You climb downwards.
Level annotation: Eustachio The steam dragon hisses angrily.
The kobold shouts!
You hear a shout!
Found a thick runed staff.
There is a stone staircase leading up here.
The steam dragon breathes steam at you. The ball of steam hits you.
You are engulfed in a cloud of scalding steam.
A hobgoblin comes into view.
The steam dragon bites you!
The steam dragon claws you but does no damage.
You climb upwards.
There is a stone staircase leading down here.
You hit the steam dragon.
The steam dragon is lightly wounded.
The steam dragon bites you.
The steam dragon claws you but does no damage.
The steam dragon bites you!
* * * LOW HITPOINT WARNING * * *
The steam dragon closely misses you.
You slash the steam dragon!
The steam dragon is moderately wounded.
The steam dragon breathes steam at you. The ball of steam hits you!
* * * LOW HITPOINT WARNING * * *
A demonic guardian appears!
You slash the steam dragon!
The steam dragon is heavily wounded.
You are engulfed in a cloud of scalding steam.
You die...

...........†................#
###.###.####.##.#.#####.#.###
###.###.# ##.......
........###.##......
............###.#....
###...........#.# #..
#####.....#.#.# #
#####.#.#.#####
#.........@.5.#
#####.....D.).....
#..##.###.###. #....... #
.....#.### ####..#.# #. #.#
#. #.#


You could see a steam dragon (catching breath, ally target) and a friendly white
imp (summoned).

Vanquished Creatures
  2 adders
  2 dart slugs (D:1)
  6 orcs (D:3)
  3 endoplasms
  2 giant cockroaches (D:1)
  5 goblins
  4 hobgoblins
  4 jackals (D:2)
  3 kobolds
  A quokka (D:3)
  3 ball pythons
  5 bats
  5 frilled lizards
  6 rats
51 creatures vanquished.

Notes
Turn   | Place    | Note
-------+----------+-------------------------------------------
     0 | D:1      | jlumianski the Demonspawn Fighter began the quest for the
                  | Orb.
     0 | D:1      | Reached XP level 1. HP: 18/18 MP: 1/1
   127 | D:2      | Identified the +3 spear "Ydoxarif" {freeze, Fly Will+}
   136 | D:2      | Found a shimmering altar of Xom.
   154 | D:1      | Gained mutation: Spells you cast may paralyse adjacent
                  | enemies. [demonic ancestry]
   154 | D:1      | Reached XP level 2. HP: 24/24 MP: 2/2
   727 | D:1      | Gained mutation: Spells you cast may paralyse nearby
                  | enemies. [demonic ancestry]
   727 | D:1      | Reached XP level 3. HP: 29/29 MP: 3/3
   947 | D:3      | Identified the +2 whip of Tamuh {venom, Will- Int+4 Stlth+}
  1081 | D:4      | Noticed Eustachio
  1150 | D:3      | Found a radiant altar of Vehumet.
  1164 | D:3      | Gained mutation: A weak demonic guardian rushes to your
                  | aid. [demonic ancestry]
  1164 | D:3      | Reached XP level 4. HP: 26/35 MP: 4/4
  1333 | D:4      | Noticed a steam dragon
  1340 | D:3      | Engulfed by a steam dragon's steam

Illustrated notes

Levels and vault maps discovered:
D:1:      dpeg_arrival_water_temple_mockup, layout_loops_ring,
          minmay_octomino_c4
D:2:      layout_basic, basic_altar
D:3:      layout_basic, nicolae_elyvilon_temple_path,
          mainiacjoe_overflow_catwalk
D:4:      layout_basic, gammafunk_temple_overflow_elements,
          minmay_temple_entry_hall, nrook_mini_vaults, uniq_eustachio,
          uniq_pikel

Skill      XL: |  1  2 |
---------------+-------+-----
Axes           | 2 |  2.7
Shields        | 3 |  3.1
Armour         | 3 |  3.2
Fighting       | |  3.5
Dodging        | |  0.1

Action                   |  1- 3 |  4- 6 || total
-------------------------+-------+-------++-------
Melee: War axe           |   120 |    26 ||   146
  Use: Potion            |     2 |       ||     2
       Scroll            |     3 |     1 ||     4
Armor: Chain mail        |   101 |    18 ||   119
Dodge: Dodged            |    39 |     6 ||    45
Block: Buckler           |    38 |     6 ||    44

Table legend: (Time is in decaauts)
 A = Elapsed time spent in this place.
 B = Non-inter-level travel time spent in this place.
 C = Inter-level travel time spent in this place.
 D = Time resting spent in this place.
 E = Time spent auto-exploring this place.
 F = Levels seen in this place.
 G = Mean time per level.
                   A        B        C        D        E       F      G
               +--------+--------+--------+--------+--------+-----+--------+
         Total |   1403 |   1403 |      0 |     63 |    646 |   4 |  350.8 |
       Dungeon |   1403 |   1403 |      0 |     63 |    646 |   4 |  350.8 |
               +--------+--------+--------+--------+--------+-----+--------+

Top non-repeatable levels by time:
     D:1: 751 daAuts
     D:3: 522 daAuts
     D:2: 123 daAuts
     D:4: 5 daAuts
